 Dungeon Crawl Stone Soup version 0.30.1-4-g462c640d31 (webtiles) character file.

Game seed: 1956049764219900621

9 growler the Chopper (level 2, 17/23 HPs)
             Began as a Demonspawn Gladiator on Aug 27, 2023.
             Quit the game on level 1 of the Dungeon.
             The game lasted 00:00:25 (72 turns).

growler the Chopper (Demonspawn Gladiator)            Turns: 72, Time: 00:00:26

Health: 17/23      AC:  4    Str: 14    XL:     2   Next: 3%
Magic:  2/2        EV: 12    Int:  9    God:
Gold:   0          SH:  0    Dex: 14    Spells: 1/1 levels left

rFire   . . .        a - +0 war axe
rCold   . . .        (no shield)
rNeg    . . .        b - +0 leather armour
rPois   .            c - +0 helmet
rElec   .            (no cloak)
rCorr   .            (no gloves)
SInv    .            (no boots)
Will    .....        (no amulet)
Stlth   +            (no ring)
HPRegen 0.23/turn    (no ring)
MPRegen 0.08/turn

%: no passive effects
@: no status effects
A: sanguine armour 1
a: no special abilities


You were on level 1 of the Dungeon.
You visited 1 branch of the dungeon, and saw 1 of its levels.

Inventory:

Hand Weapons
 a - a +0 war axe (weapon)
Missiles
 d - 3 throwing nets (quivered)
 e - a javelin
Armour
 b - a +0 leather armour (worn)
 c - a +0 helmet (worn)


   Skills:
 + Level 2.4 Fighting
 + Level 3.0 Axes
 - Level 1.7 Throwing
 - Level 2.6 Dodging


You had one spell level left.
You didn't know any spells.
Your spell library was empty.

Dungeon Overview and Level Annotations

Branches:
Dungeon (1/15)

Altars:


Innate Abilities, Weirdness & Mutations

When seriously injured, your blood forms armour. (AC +0)


Message History

A goblin comes into view. It is wielding a +0 dagger.
Found an escape hatch in the floor.
The goblin shouts!
You hear a shout!
A goblin is nearby!
The goblin completely misses you.
You hit the goblin.
The goblin is heavily wounded.
The goblin completely misses you.
A goblin comes into view. It is wielding a +0 club.
You slash the goblin!
You kill the goblin!
A rat comes into view.
A hobgoblin comes into view.
The hobgoblin shouts!
The goblin closely misses you.
A dart slug comes into view.
You miss the goblin. The goblin hits you but does no damage.
The goblin barely misses you.
You barely miss the goblin. You closely miss the rat.
The rat bites you but does no damage. The goblin hits you with a +0 club.
You barely miss the goblin. You hit the rat.
You kill the rat!
The goblin hits you but does no damage.
You closely miss the goblin. The goblin hits you with a +0 club.
The hobgoblin misses you. The goblin barely misses you.
You slash the goblin!
You kill the goblin!
You hit the hobgoblin but do no damage. The hobgoblin closely misses you.
You barely miss the hobgoblin. The hobgoblin barely misses you.
You slash the hobgoblin!
You kill the hobgoblin!
You hit the dart slug.
The dart slug is heavily wounded.
You slash the dart slug!
You kill the dart slug!
Your Axes skill increases to level 3!
You have reached level 2!
Your demonic ancestry asserts itself...
You feel your blood ready itself to protect you.
Are you sure you want to abandon this character and quit the game? (Confirm with "yes".)

###'#### ##......#
.......... #.......#
#......... #.#####.#
#......... #. #.#
#......... ## #.#
#.....>..~ ##.#+##.#
####......... #.......#
#....)....... #.###.###
#....@....... #.....#
#..?..†..~... # #..#..#
#........#~.. #.##.)###
#.....)..~... #.......#
#>...###.....
####...####...)..##....
###.........#.# ....
###########.# ... # .~


There were no monsters in sight!

Vanquished Creatures
  A dart slug (D:1)
  2 goblins (D:1)
  A hobgoblin (D:1)
  2 kobolds (D:1)
  A rat (D:1)
7 creatures vanquished.

Notes
Turn   | Place    | Note
-------+----------+-------------------------------------------
     0 | D:1      | growler the Demonspawn Gladiator began the quest for the
                  | Orb.
     0 | D:1      | Reached XP level 1. HP: 16/16 MP: 1/1
    72 | D:1      | Reached skill level 3 in Axes
    72 | D:1      | Gained mutation: When seriously injured, your blood forms
                  | armour. (AC +0) [demonic ancestry]
    72 | D:1      | Reached XP level 2. HP: 17/23 MP: 2/2
    72 | D:1      | Quit the game

Illustrated notes

Levels and vault maps discovered:
D:1:      dpeg_arrival_erosion, layout_basic, kennysheep_decorative_pillar

Skill      XL: |  1 |
---------------+----+-----
Axes           | 3 |  3.0
Fighting       | |  2.4
Throwing       | |  1.7
Dodging        | |  2.6

Action                     || total
---------------------------++-------
  Melee: War axe           ||    16
 Armour: Leather armour    ||     3
  Dodge: Dodged            ||    10
